 Dungeon Crawl Stone Soup version 0.29.1-2-gbd0b4ee654 (webtiles) character file.

Game seed: 4760137663798940680

354 qeuew the Ducker (level 6, -1/48 HPs)
             Began as a Merfolk Gladiator on Nov 10, 2022.
             Slain by a black bear (8 damage)
             ... on level 4 of the Dungeon.
             The game lasted 00:04:32 (3543 turns).

qeuew the Ducker (Merfolk Gladiator)                Turns: 3543, Time: 00:04:32

Health: -1/48      AC:  9    Str: 16    XL:     6   Next: 63%
Magic:  6/6        EV: 13    Int:  7    God:
Gold:   220        SH:  0    Dex: 16    Spells: 5/5 levels left

rFire   . . .      SeeInvis .   a - +0 trident
rCold   . . .      Faith    .   (no shield)
rNeg    . . .      Spirit   .   g - +0 ring mail
rPois   .          Reflect  .   c - +0 helmet
rElec   .          Harm     .   (no cloak)
rCorr   .          Rampage  .   (no gloves)
Will    .....                   b - +2 pair of boots
Stlth   +.........              (no amulet)
HPRegen 0.16/turn               (no ring)
MPRegen 0.10/turn               (no ring)

@: no status effects
A: (nimble swimmer 2), mertail
a: no special abilities


You were on level 4 of the Dungeon.
You visited 1 branch of the dungeon, and saw 4 of its levels.

You collected 220 gold pieces.

Inventory:

Hand Weapons
 a - a +0 trident (weapon)
Missiles
 e - a javelin (quivered)
Armour
 b - a +2 pair of boots (worn)
 c - a +0 helmet (worn)
 g - a +0 ring mail (worn)
Jewellery
 k - an amulet of guardian spirit
Wands
 f - a wand of light (13)
Scrolls
 j - 4 scrolls of teleportation
Potions
 h - a potion of mutation
 i - a potion of invisibility


   Skills:
 + Level 3.8 Fighting
 + Level 5.4 Polearms
 + Level 3.4 Throwing
 + Level 1.9 Armour
 + Level 5.6 Dodging


You had 5 spell levels left.
You didn't know any spells.
Your spell library contained the following spells:

 Spells                   Type           Power      Damage    Failure   Level
 Magic Dart               Conj           0%         1d3       65%         1
 Call Imp                 Summ           0%         N/A       78%         2
 Gell's Gravitas          Tloc           0%         N/A       95%         3
 Ignite Poison            Fire/Tmut/Pois 0%         N/A       95%         3
 Mephitic Cloud           Conj/Pois/Air  0%         N/A       95%         3
 Teleport Other           Tloc           0%         N/A       95%         3
 Freezing Cloud           Conj/Ice/Air   0%         6-21      100%        5
 Dispersal                Tloc           0%         N/A       100%        6


Dungeon Overview and Level Annotations

Branches:
Dungeon (4/15)
 Temple: D:4-7

Altars:

Shops:
D:1 [


Innate Abilities, Weirdness & Mutations

((You are very nimble when in or above water. (Stealth+, EV+, Speed+++)))
Your lower body shifts to a powerful aquatic tail in water.


Message History

Throw: throwing net
Press: ? - help, Q - select action, (/) - cycle Shift-Dir - straight line, f/p - black bear
Aim: a black bear (severely wounded, 69% to hit)
You throw a throwing net. The throwing net hits the black bear.
The black bear is caught in the net!
The black bear is severely wounded.
The black bear struggles against the net.
The goblin completely misses you.
You strike the helpless black bear from behind!
You hit the black bear.
The black bear is almost dead.
The dart slug barely misses you. The goblin closely misses you.
The black bear goes berserk!
The black bear struggles against the net.
You hit the black bear.
The black bear is almost dead.
The goblin misses you. The dart slug launches a dart at you.
The slug dart hits you but does no damage.
You hit the black bear but do no damage.
The black bear is almost dead.
The black bear struggles against the net. x2
The net rips apart, and the black bear comes free!
The goblin barely misses you. The dart slug launches a dart at you.
The slug dart hits you but does no damage.
You barely miss the black bear.
The black bear is almost dead.
The black bear bites you.
* * * LOW HITPOINT WARNING * * *
The black bear barely misses you.
The black bear claws you but does no damage.
The goblin misses you.
You hit the black bear but do no damage.
The black bear is almost dead.
The black bear bites you.
* * * LOW HITPOINT WARNING * * *
The black bear claws you but does no damage. x2
The dart slug barely misses you. The black bear bites you!
You die...

#...# #.# #.
######...###.# #.
#............# ##
#..##.#...#######
#.......####.....
..##.##......# #.
##.....# #.
#....## # #@..##
#..gwh## #?#.#.$#
#..#..# ... #..#
##.# ..## .. .##
## ..


You could see a black bear (berserk), a dart slug and a goblin.

Vanquished Creatures
  A necrophage (D:3)
  A howler monkey (D:4)
  A hound (D:3)
  A gnoll bouda (D:4)
  An orc wizard (D:4)
  5 gnolls
  5 adders
  A shadow imp (D:3)
  4 worms (D:2)
  4 dart slugs
  An orc (D:3)
  8 ball pythons
  7 bats
  2 endoplasms (D:2)
  4 giant cockroaches
  3 goblins
  4 hobgoblins
  6 jackals (D:3)
  A quokka (D:1)
  3 kobolds
  8 rats
71 creatures vanquished.

Notes
Turn   | Place    | Note
-------+----------+-------------------------------------------
     0 | D:1      | qeuew the Merfolk Gladiator began the quest for the Orb.
     0 | D:1      | Reached XP level 1. HP: 16/16 MP: 1/1
    60 | D:1      | Reached XP level 2. HP: 21/23 MP: 2/2
   183 | D:1      | Found Xeirruxt's Antique Armour Boutique.
   593 | D:2      | Reached XP level 3. HP: 20/28 MP: 3/3
  1150 | D:2      | Reached XP level 4. HP: 34/34 MP: 4/4
  1217 | D:2      | Found a faded altar of an unknown god.
  1245 | D:2      | Identified the +1 whip of Equivalence {venom, rElec rN++
                  | Str-5 Int+3}
  1298 | D:2      | Reached skill level 1 in Armour
  1837 | D:3      | Reached XP level 5. HP: 41/41 MP: 5/5
  1867 | D:3      | Reached skill level 5 in Polearms
  1867 | D:3      | Reached skill level 5 in Dodging
  2556 | D:4      | Reached XP level 6. HP: 45/47 MP: 6/6
  3526 | D:4      | Noticed a black bear
  3543 | D:4      | Slain by a black bear

Illustrated notes

Levels and vault maps discovered:
D:1:      lemuel_arrival_broad_hall, layout_rooms, serial_shops,
          nicolae_shop_statue_plus
D:2:      layout_basic, shapermc_ecumenical_altar_pompeii
D:3:      layout_loops_cross
D:4:      layout_basic, minmay_misc_feat_cross, minmay_box_of_dots

Skill      XL: |  1  2  3  4  5 |
---------------+----------------+-----
Armour         | 1 |  1.9
Fighting       | 3 |  3.8
Polearms       | 5 |  5.4
Throwing       | 3 |  3.4
Dodging        | 5 |  5.6

Action                   |  1- 3 |  4- 6 || total
-------------------------+-------+-------++-------
Melee: Trident           |    88 |   181 ||   269
       Punch             |     1 |     1 ||     2
Throw: Throwing net      |     1 |     3 ||     4
  Use: Potion            |     3 |     2 ||     5
       Scroll            |     1 |     4 ||     5
 Stab: Sleeping          |     1 |       ||     1
       Invisible         |       |     2 ||     2
       Held in net/web   |       |     1 ||     1
Armor: Leather armour    |     4 |       ||     4
       Ring mail         |    11 |    64 ||    75
Dodge: Dodged            |    34 |   120 ||   154
